 Dungeon Crawl Stone Soup version 0.24.0-123-gd5b16e6ec5 (webtiles) character file.

Game seed: 17955462216704402404, levelgen mode: deterministic

249 Kobolds4U the Covert (level 5, -3/24 HPs)
             Began as a Spriggan Conjurer on Dec 21, 2019.
             Shot with an arrow by a centaur (9 damage)
             ... on level 5 of the Dungeon.
             The game lasted 00:09:06 (4054 turns).

Kobolds4U the Covert (Spriggan Conjurer)            Turns: 4054, Time: 00:09:07

Health: -3/24      AC:  2    Str:  5    XL:     5   Next: 87%
Magic:  2/12       EV: 18    Int: 16    God:
Gold:   53         SH:  3    Dex: 17    Spells: 2/12 levels left

rFire    . . .     SeeInvis +   d - -3 dagger (curse)
rCold    . . .     Gourm    .   (shield restricted)
rNeg     . . .     Faith    .   i - +0 robe (curse)
rPois    .         Spirit   .   (helmet restricted)
rElec    .         Reflect  +   (no cloak)
rCorr    .         Harm     .   (gloves unavailable)
MR       .....                  (boots unavailable)
Stlth    ++++......             e - +3 amulet of reflection
HPRegen  0.08/turn              (no ring)
MPRegen  0.13/turn              (no ring)

@: very quick
A: very small, unfitting armour, see invisible, herbivore, speed 3, slow
metabolism 2
a: no special abilities


You were on level 5 of the Dungeon.
You were hungry.

You visited 1 branch of the dungeon, and saw 4 of its levels.

You collected 120 gold pieces.
You spent 67 gold pieces at shops.

Inventory:

Hand Weapons
 d - a cursed -3 dagger (weapon)
Missiles
 o - 5 boomerangs (quivered)
Armour
 i - a cursed +0 robe (worn)
Jewellery
 e - a +3 amulet of reflection (around neck)
 f - an uncursed amulet of guardian spirit
Wands
 l - a wand of flame (15)
Scrolls
 b - a scroll of immolation {unknown}
 g - 2 scrolls of magic mapping
 h - a scroll of teleportation
 n - a scroll of enchant weapon {unknown}
Potions
 a - a potion of curing
 j - a potion of resistance
 k - 2 potions of magic
 m - a potion of invisibility
Comestibles
 c - 4 rations


   Skills:
 - Level 3.0 Dodging
 + Level 9.0 Stealth
 - Level 4.0 Spellcasting
 - Level 2.9 Conjurations


You had 2 spell levels left.
You knew the following spells:

 Your Spells              Type           Power        Failure   Level  Hunger
a - Magic Dart            Conj           ##..         4%          1    None
b - Searing Ray           Conj           ##....       8%          2    ##.....
c - Dazzling Spray        Conj/Hex       #.....       28%         3    ###....
d - Force Lance           Conj/Tloc      #.......     67%         4    ####...

Your spell library contained the following spells:

 Spells                   Type           Power        Failure   Level  Hunger
 Confusing Touch          Hex            #.....       17%         1    None
 Confuse                  Hex            #.......     45%         3    ###....
 Gell's Gravitas          Tloc           #.........   45%         3    ###....
 Iskenderun's Mystic Bla  Conj           ##......     45%         4    ####...
 Fulminant Prism          Conj/Hex       #.........   67%         4    ####...
 Petrify                  Tmut/Erth      #.......     86%         4    ####...
 Metabolic Englaciation   Hex/Ice        #.........   99%         5    ######.
 Yara's Violent Unravell  Hex/Tmut       #.........   99%         5    ######.


Dungeon Overview and Level Annotations

Branches:
Dungeon (3/15)

Altars:
Zin

Shops:
D:5 =:(=

Annotations:
D:3 1 runed translucent door


Innate Abilities, Weirdness & Mutations

You are very small and have problems with some larger weapons.
You are too small for most types of armour.
You have supernaturally acute eyesight. (SInv)
You are a herbivore.
You cover ground extremely quickly.
You need to consume almost no food.


Message History

Press: ? - help, Shift-Dir - straight line, f - centaur
Aim: a centaur (hasn't noticed you)
The magic dart hits the centaur.
The centaur is lightly wounded.
The centaur shouts!
The centaur wields a +0 shortbow.
The centaur shoots an arrow.
The arrow hits you!
You start resting.
The centaur shoots an arrow.
The arrow hits you!
* * * LOW HITPOINT WARNING * * *
Casting: Magic Dart (safe; 4% risk of failure)
Confirm with . or Enter, or press ? or * to list all spells.
Aiming: Searing Ray (safe; 8% risk of failure)
Press: ? - help, Shift-Dir - straight line, f/p - centaur
Aim: a centaur, wielding a +0 shortbow (lightly wounded)
The searing ray hits the centaur but does no damage.
The centaur is lightly wounded. (Press . to maintain the ray.)
The centaur shoots an arrow.
The arrow hits you!
You die...

#.# #..... ....c..............
#.# #.#.................#####.
#.# #.#.##...#.#........# #.
#.####.#.#.>....#..#####.# #.
###.................c# #.# #.
....###..#.#.....###.# #.# #.
###.###..#.##....# #.# #.# #.
#.....<....##.#.# #)# ... #.
#..#....#..####@# #.# #.
#....#..#∩.#....###.# #.
#.##....#....#....[.###..# #. #.
##.>.#...###.c.(......# #.
#........#...####.##.# #.
#.†##..#.....# .# #.###.
#.∩†......#..# # #.....
.####...........# # #####.
#..........#.....####.#...#####.


You could see a centaur.

Vanquished Creatures
  A centaur zombie (D:5)
  2 orc wizards (D:5)
  5 gnolls
  3 adders
  An ooze (D:1)
  2 worms
  A dart slug (D:1)
  3 leopard geckos (D:5)
  5 orcs (D:5)
  2 bats
  3 giant cockroaches
  8 goblins
  5 hobgoblins
  13 jackals
  A quokka (D:2)
  A ball python (D:2)
  4 frilled lizards
  2 kobolds (D:2)
  A leopard gecko skeleton (D:5)
  5 rats
68 creatures vanquished.

Notes
Turn   | Place    | Note
-------+----------+-------------------------------------------
     0 | D:1      | Kobolds4U the Spriggan Conjurer began the quest for the
                  | Orb.
     0 | D:1      | Reached XP level 1. HP: 9/9 MP: 5/5
   169 | D:1      | Reached XP level 2. HP: 11/13 MP: 2/7
  1599 | D:2      | Reached skill level 4 in Stealth
  1599 | D:2      | Reached XP level 3. HP: 15/16 MP: 6/9
  1955 | D:2      | Learned a level 2 spell: Searing Ray
  2029 | D:2      | Learned a level 3 spell: Dazzling Spray
  2219 | D:2      | Reached skill level 5 in Stealth
  2278 | D:2      | Reached XP level 4. HP: 17/21 MP: 2/11
  2863 | D:3      | Reached skill level 6 in Stealth
  3007 | D:3      | Found a runed translucent door.
  3098 | D:3      | You fall into a shaft and drop 2 floors!
  3098 | D:5      | Entered Level 5 of the Dungeon
  3098 | D:5      | Found a glowing silver altar of Zin.
  3111 | D:5      | Found Hanud's Jewellery Shop.
  3113 | D:5      | Found Ufreakk's Weapon Boutique.
  3233 | D:5      | Bought a cursed ring of attention for 67 gold pieces
  3301 | D:5      | Found Lomnamux's Book Boutique.
  3349 | D:5      | Reached skill level 7 in Stealth
  3349 | D:5      | Reached XP level 5. HP: 24/24 MP: 1/12
  3355 | D:5      | Learned a level 4 spell: Force Lance
  3651 | D:5      | Found Ofoethrie's Jewellery Shoppe.
  3700 | D:5      | Reached skill level 8 in Stealth
  4034 | D:5      | Noticed a centaur
  4044 | D:5      | Reached skill level 9 in Stealth
  4054 | D:5      | Shot with an arrow by a centaur

Levels and vault maps discovered:
D:1:      tarquinn_simple_flora_water_b, layout_basic
D:2:      layout_basic, minmay_curled_crystal
D:3:      layout_basic, ebering_ghost_reflecting_pool, kennysheep_slug_shrine
D:5:      layout_loops_ring, first_ration, basic_altar, serial_shops,
          kennysheep_mini_moat, shop, shop, nicolae_shop_waterfront,
          nicolae_shop_stone

Skill      XL: |  1  2  3  4  5 |
---------------+----------------+-----
Spellcasting   | 3 4 |  4.0
Stealth        | 4 5 7 9 |  9.0
Dodging        | |  3.0
Conjurations   | |  2.9

Action                   |  1- 3 |  4- 6 || total
-------------------------+-------+-------++-------
Melee: Dagger            |    57 |    29 ||    86
 Cast: Magic Dart        |    91 |    68 ||   159
       Searing Ray       |       |     8 ||     8
  Use: Scroll            |       |     6 ||     6
 Stab: Sleeping          |     3 |     5 ||     8
Armor: Robe              |     3 |     4 ||     7
Dodge: Dodged            |    64 |    43 ||   107
Block: Other             |     5 |     7 ||    12
